 Dungeon Crawl Stone Soup version 0.29-a0-559-g359e09b9d1 (webtiles) character file.

Game seed: 14993313251725117820

2698 dohliylev the Grappler (level 9, 0/88 HPs)
             Began as a Troll Warper on June 10, 2022.
             Was a Priest of Okawaru.
             Succumbed to a hornet's poison
             ... on level 7 of the Dungeon.
             The game lasted 00:17:41 (4692 turns).

dohliylev the Grappler (Troll Warper)               Turns: 4692, Time: 00:17:42

Health: 0/88       AC:  8    Str: 25    XL:     9   Next: 38%
Magic:  8/10       EV: 10    Int:  9    God:    Okawaru [***...]
Gold:   483        SH:  0    Dex:  9    Spells: 8/10 levels left

rFire   . . .      SeeInvis .     - Unarmed
rCold   + . .      Faith    +   (no shield)
rNeg    . . .      Spirit   .   s - +1 troll leather armour {Pargi}
rPois   .          Reflect  .   (helmet restricted)
rElec   +          Harm     .   v - +0 cloak
rCorr   .          Rampage  .   (gloves unavailable)
Will    .....                   (boots unavailable)
Stlth   ++........              f - amulet of Qagutej {Faith rElec Stlth+}
HPRegen 1.84/turn               d - ring of protection from cold
MPRegen 0.12/turn               (no ring)

@: mighty, lethally poisoned (0 -> -2), on blink cooldown, studying Bows
A: large, unfitting armour, claws 3, regeneration 1, shaggy fur 1, tough skin 1
a: Renounce Religion, Heroism


You were on level 7 of the Dungeon.
You worshipped Okawaru.
Okawaru was most pleased with you.
You visited 2 branches of the dungeon, and saw 9 of its levels.
You also visited: Ossuary.

You collected 483 gold pieces.

Inventory:

Hand Weapons
 m - the +4 spear "Bunner" {flame, rCorr Str+4 Dex+3 Stlth-}
   (You found it on level 6 of the Dungeon)

   It burns those it strikes, dealing additional fire damage.
   Str:       It affects your strength (+4).
   Dex:       It affects your dexterity (+3).
   rCorr:     It protects you from acid and corrosion.
   Stlth:     It makes you less stealthy.
Missiles
 c - 5 boomerangs of dispersal
 n - 5 silver javelins
 y - a curare-tipped dart (quivered)
Armour
 s - a +1 troll leather armour (worn) {Pargi}
 v - a +0 cloak (worn)
Jewellery
 d - a ring of protection from cold (left claw)
 f - the amulet of Qagutej (around neck) {Faith rElec Stlth+}
   (You found it on level 2 of the Dungeon)

   [amulet of faith]

   It allows you to gain divine favour quickly.
   rElec:     It insulates you from electricity.
   Stlth:     It makes you more stealthy.
Wands
 l - a wand of digging (8)
 A - a wand of iceblast (2)
Scrolls
 a - 2 scrolls of teleportation
 b - 2 scrolls of blinking
 g - a scroll of magic mapping
 q - 4 scrolls of poison
 z - a scroll of enchant weapon {unknown}
 B - a scroll of noise {unknown}
Potions
 e - 2 potions of might
 h - 4 potions of haste {unknown}
 i - 2 potions of lignification {unknown}
 j - 2 potions of brilliance {unknown}
 k - 2 potions of flight {unknown}
 o - a potion of resistance {unknown}
 p - 4 potions of attraction {unknown}
 r - 3 potions of curing {unknown}
 t - 2 potions of heal wounds {unknown}
 u - 4 potions of mutation {unknown}
 w - 3 potions of degeneration {unknown}
 x - a potion of cancellation {unknown}


   Skills:
 * Level 5.1 Fighting
 + Level 2.1 Throwing
 + Level 5.0 Dodging
 + Level 9.8 Unarmed Combat
 + Level 1.3 Spellcasting
 + Level 2.6 Translocations


You had 8 spell levels left.
You knew the following spells:

 Your Spells              Type           Power      Damage    Failure   Level
a - Blink                 Tloc           10%        N/A       22%         2

Your spell library contained the following spells:

 Spells                   Type           Power      Damage    Failure   Level
 Apportation              Tloc           10%        N/A       14%         1
 Necrotize                Necr           0%         1d4       38%         1
 Gell's Gravitas          Tloc           5%         N/A       38%         3
 Lesser Beckoning         Tloc           5%         N/A       38%         3
 Teleport Other           Tloc           5%         N/A       38%         3
 Frozen Ramparts          Ice            0%         1d2       77%         3
 Inner Flame              Hex/Fire       0%         N/A       77%         3
 Manifold Assault         Tloc           5%         N/A       98%         5
 Cause Fear               Hex            0%         N/A       99%         4
 Ice Form                 Ice/Tmut       0%         N/A       99%         4
 Alistair's Intoxication  Tmut/Pois      0%         N/A       100%        5
 Discord                  Hex            0%         N/A       100%        8
 Summon Small Mammal      Summ           Unusable   N/A       N/A         1
 Summon Ice Beast         Ice/Summ       Unusable   N/A       N/A         4

Dungeon Overview and Level Annotations

Branches:
Dungeon (8/15)             Temple (1/1) D:4         Ossuary (visited)
   Lair: D:8-11

Altars:
Ashenzari
Cheibriados
Dithmenos
Elyvilon
Fedhas
Gozag
Hepliaklqana
Kikubaaqudgha
Makhleb
Nemelex Xobeh
Okawaru
Qazlal
Ru
Sif Muna
Trog
Uskayaw
Vehumet
Wu Jian
Xom
Yredelemnul
Zin
The Shining One

Shops:
D:4 =

Annotations:
D:8 Joseph


Innate Abilities, Weirdness & Mutations

You are too large for most types of armour.
You have claws for hands.
Your natural rate of healing is unusually fast.
You are covered in fur. (AC +1)
You have tough skin. (AC +1)


Message History

You feel as though you will be slow longer.
You can move again.
You miss the hornet.
The hornet is heavily wounded.
You feel extremely sick. The hornet misses you. The hornet stings you.
You are more poisoned.
You feel as though you will be slow longer.
You scratch the hornet.
The hornet is heavily wounded.
You feel extremely sick. The hornet closely misses you.
The hornet barely misses you.
Unknown command.
You closely miss the hornet.
The hornet is heavily wounded.
You feel very sick. The hornet barely misses you. x2
You closely miss the hornet.
The hornet is heavily wounded.
You feel very sick. The hornet stings you!
* * * LOW HITPOINT WARNING * * *
You are lethally poisoned!
You feel as though you will be slow longer.
The hornet stings you but does no damage.
Okay, then.
Casting: Blink (safe; 22% risk of failure)
Confirm with . or Enter, or press ? or * to list all spells.
You blink.
* * * LOW HITPOINT WARNING * * *
You feel extremely sick.
Blink to where?
Press: ? - help, Dir - move target
As you read the scroll of blinking, it crumbles to dust.
* * * LOW HITPOINT WARNING * * *
You feel very sick.
Unknown command.
It was a potion of might.
You feel very mighty all of a sudden.
You feel yourself speed up.
You die...

..)o.##... ..{...... . ..
#....... .. ..###.....#
#.......... ..........#
#....#........
..........######...#.... ..
g...........@.......# ###.###
g...................# #.....#
....................###.....#
..................y...#......
##.............#.#K....#
#.....>.......#.KKK....
#.)...........###.....#
#.............# #..?..#
#.............# #.....#


You could see a hornet.

Vanquished Creatures
  Sigmund (D:3)
  Eustachio (D:5)
  An acid dragon (D:5)
  Menkaure (D:8)
  Pargi (D:3)
  2 ice beasts
  2 black bears (D:6)
  An orc warrior (D:6)
  A phantom (D:5)
  A bullfrog (D:6)
  2 necrophages
  A gnoll sergeant (D:6)
  A wyvern zombie (D:6)
  4 scorpions
  A water moccasin skeleton (D:6)
  A howler monkey (D:6)
  3 bullfrog zombies (D:6)
  2 hounds (D:5)
  2 centaur zombies (D:6)
  Crazy Yiuf (D:5)
  2 orc priests
  A jelly (D:4)
  2 iguanas (D:6)
  6 orc wizards
  8 mummies (Ossuary)
  Robin (D:4)
  A howler monkey zombie (D:6)
  5 gnolls
  7 adders
  A shadow imp (D:5)
  2 white imps
  2 worms
  A dart slug (D:2)
  18 orcs
  A ball python (D:3)
  9 bats
  7 endoplasms
  5 giant cockroaches
  9 goblins
  10 hobgoblins
  6 quokkas
  4 frilled lizards
  2 gnoll zombies (Ossuary)
  2 hobgoblin zombies (Ossuary)
  4 kobolds
  4 kobold zombies (Ossuary)
  7 rats
157 creatures vanquished.

Notes
Turn   | Place    | Note
-------+----------+-------------------------------------------
     0 | D:1      | dohliylev the Troll Warper began the quest for the Orb.
     0 | D:1      | Reached XP level 1. HP: 19/19 MP: 1/1
   137 | D:1      | You fall into a shaft and drop 1 floor!
   197 | D:2      | Identified the amulet of Qagutej {Faith rElec Stlth+}
   207 | D:2      | Reached XP level 2. HP: 19/28 MP: 2/2
   347 | D:1      | Reached XP level 3. HP: 35/35 MP: 3/3
   355 | D:1      | Learned a level 2 spell: Blink
   815 | D:2      | Found a shimmering blue altar of Sif Muna.
  1033 | D:2      | Reached XP level 4. HP: 42/42 MP: 5/5
  1113 | D:3      | Noticed Sigmund
  1124 | D:3      | Killed Sigmund
  1125 | D:3      | Reached skill level 4 in Unarmed Combat
  1125 | D:3      | Reached XP level 5. HP: 35/50 MP: 6/6
  1173 | D:3      | Reached XP level 6. HP: 29/59 MP: 7/7
  1448 | D:3      | Noticed Pargi
  1498 | D:3      | Killed Pargi
  1681 | D:4      | Reached skill level 5 in Unarmed Combat
  1734 | D:4      | Reached XP level 7. HP: 61/67 MP: 8/8
  1759 | D:4      | Found Pobe Pass's Jewellery Shop.
  1773 | D:4      | Noticed Robin
  1813 | D:4      | Killed Robin
  1889 | D:4      | Found a staircase to the Ecumenical Temple.
  1898 | Temple   | Entered the Ecumenical Temple
  1935 | Temple   | Became a worshipper of Warmaster Okawaru
  2628 | D:5      | Entered Level 5 of the Dungeon
  2684 | D:5      | Noticed Eustachio
  2697 | D:5      | Killed Eustachio
  2698 | D:5      | Reached skill level 6 in Unarmed Combat
  2753 | D:5      | Identified the +1 scale mail "Onoffer" {rPois}
  2765 | D:5      | Reached XP level 8. HP: 64/78 MP: 9/9
  2892 | D:5      | Reached skill level 7 in Unarmed Combat
  3012 | D:5      | Reached * piety under Okawaru
  3013 | D:5      | Reached skill level 1 in Throwing
  3333 | D:5      | Found a runed translucent door.
  3334 | D:5      | Noticed Crazy Yiuf
  3351 | D:5      | Killed Crazy Yiuf
  3443 | D:6      | Reached ** piety under Okawaru
  3444 | D:6      | Reached skill level 8 in Unarmed Combat
  3628 | D:6      | Found a sand-covered staircase.
  3633 | Ossuary  | Entered an ossuary
  3692 | Ossuary  | Reached XP level 9. HP: 85/85 MP: 10/10
  3985 | D:6      | Identified the +4 spear "Bunner" {flame, rCorr Str+4 Dex+3
                  | Stlth-}
  4085 | D:6      | Found a radiant altar of Vehumet.
  4145 | D:6      | Reached skill level 9 in Unarmed Combat
  4439 | D:6      | Reached *** piety under Okawaru
  4467 | D:6      | Reached skill level 5 in Fighting
  4625 | D:7      | Noticed Menkaure
  4633 | D:8      | Noticed Joseph
  4638 | D:8      | Killed Menkaure
  4639 | D:8      | Reached skill level 5 in Dodging
  4683 | D:7      | Paralysed by a hornet for 3 turns
  4690 | D:7      | HP: 4/88 [poisoned by a hornet]
  4691 | D:7      | HP: 1/88 [poisoned by a hornet]
  4692 | D:7      | Succumbed to a hornet's poison

Illustrated notes

Levels and vault maps discovered:
D:1:      pf_arrival_petrified_forest, layout_basic
D:2:      layout_basic, basic_altar, minmay_octomino_e4
D:3:      layout_basic, uniq_pargi, uniq_sigmund
D:4:      layout_cave_pools, minmay_temple_entry_drinking_statues, serial_shops,
          nicolae_shop_hallway_stairs, uniq_robin
D:5:      layout_rooms, minmay_manual_maat, uniq_eustachio,
          uniq_crazy_yiuf_cottage
D:6:      layout_loops_ring, mainiacjoe_overflow_alcove_2, enter_ossuary_2,
          serial_undead, serial_undead_f, serial_undead_f, serial_undead_e,
          serial_undead_e, minmay_puff
D:7:      layout_basic, gammafunk_ghost_necromancy, minmay_misc_feat_plants,
          uniq_menkaure
D:8:      gammafunk_steamed_eel, layout_cave_pools, serial_column_ruins,
          column_ruins_open_tiny, column_ruins_open_small, column_ruins_grid_4,
          column_ruins_grid_3, column_ruins_grid_3, column_ruins_grid_1,
          minmay_misc_feat_room, uniq_pikel, uniq_joseph, uniq_maggie
Temple:   mainiacjoe_temple_trianglar_array

Skill      XL: |  1  2  3  4  5  6  7  8  9 |
---------------+----------------------------+-----
Dodging        | 2 3 4 5 |  5.0
Fighting       | 2 3 4 5 |  5.1
Unarmed Combat | 4 5 6 8 9 |  9.8
Throwing       | 2 |  2.1
Spellcasting   | |  1.3
Translocations | |  2.6

Action                   |  1- 3 |  4- 6 |  7- 9 || total
-------------------------+-------+-------+-------++-------
Melee: Unarmed           |    96 |    91 |   304 ||   491
       Punch             |     1 |       |    14 ||    15
Throw: Dart              |       |       |    13 ||    13
       Boomerang         |       |       |     2 ||     2
 Cast: Blink             |       |       |     1 ||     1
Invok: Heroism           |       |       |     1 ||     1
  Use: Scroll            |       |       |     8 ||     8
       Potion            |       |       |     1 ||     1
 Stab: Sleeping          |     3 |     1 |     1 ||     5
Armor: Robe              |    39 |    19 |       ||    58
       Troll leather arm |       |     5 |   111 ||   116
Dodge: Dodged            |    64 |    43 |   136 ||   243

Table legend: (Time is in decaauts)
 A = Elapsed time spent in this place.
 B = Non-inter-level travel time spent in this place.
 C = Inter-level travel time spent in this place.
 D = Time resting spent in this place.
 E = Time spent auto-exploring this place.
 F = Levels seen in this place.
 G = Mean time per level.
                   A        B        C        D        E       F      G
               +--------+--------+--------+--------+--------+-----+--------+
         Total |   4640 |   4444 |    196 |    295 |   2548 |  10 |  464.0 |
       Dungeon |   3913 |   3750 |    163 |    195 |   2106 |   8 |  489.1 |
        Temple |    432 |    399 |     33 |      0 |    376 |   1 |  432.0 |
       Ossuary |    294 |    294 |      0 |    100 |     66 |   1 |  294.0 |
               +--------+--------+--------+--------+--------+-----+--------+

Top non-repeatable levels by time:
     D:6: 895 daAuts
     D:5: 770 daAuts
     D:3: 558 daAuts
     D:2: 558 daAuts
     D:1: 535 daAuts
     D:4: 529 daAuts
  Temple: 432 daAuts
 Ossuary: 294 daAuts
     D:7: 61 daAuts
     D:8: 5 daAuts
